AoeStats
← JohnLemond

Hideout

508978066Analyzed
1v1 RM · 8d ago on Sep 24, 2026· 47m 4s· 2 players
Game mode
Random Map
Map size
Tiny (2 player)
Population
200
Speed
Normal
Resources
Standard
Victory
Conquest
Starting age
Dark Age
Ending age
Imperial Age
RankedLock teamsTeams togetherTeam positionsShared explorationLock speedFull tech treeHidden civsTurbo modeCheats
Victory
Defeat
🇺🇸 Franks · United States
1080
+16
🇧🇷 Varangians · Brazil
1085
-16
JohnLemond
6:34 Loom
9:37 Feudal Age
11:11 Man-at-Arms
12:21 Scale Mail Armor
12:19 Arson
15:15 Double-Bit Axe
20:27 Castle Age
18:37 Scale Barding Armor
19:31 Forging
19:40 Gold Mining
22:25 Wheelbarrow
22:53 Bow Saw
24:44 Husbandry
26:33 Chain Barding Armor
26:33 Stone Mining
28:34 Iron Casting
28:49 Fletching
29:53 Bodkin Arrow
31:44 Husbandry
32:16 Scale Mail Armor
39:34 Imperial Age
38:10 Chain Mail Armor
38:10 Town Watch
38:42 Hand Cart
41:15 Gold Shaft Mining
42:07 Blast Furnace
41:11 Pikeman
41:16 Light Cavalry
41:57 Cavalier
42:41 Elite Throwing Axeman
42:49 Ordonnance Companies
46:00 Plate Barding Armor
47:13 Chemistry
46:37 Ballistics
46:57 Conscription
46:01 Elite Throwing Axeman
47:22 Town Patrol
CTibas
11:17 Feudal Age
12:38 Double-Bit Axe
14:40 Forging
18:59 Loom
21:40 Castle Age
20:44 Bloodlines
22:15 Scale Mail Armor
22:21 Scale Barding Armor
24:16 Bow Saw
25:01 Pikeman
27:48 Scale Mail Armor
37:08 Imperial Age
39:00 Chain Mail Armor
40:27 Fletching
45:40 Two-Man Saw
Connection lost

Rejoining the realm…

Still unreachable

The connection could not be restored.

Session expired

The server has moved on; the page needs a fresh start.